 Dungeon Crawl Stone Soup version 0.25-a0-589-g1e14c549ee (webtiles) character file.

Game seed: 1507466381182660434, levelgen mode: deterministic

148 kae the Insei (level 5, 0/42 HPs)
             Began as a Demonspawn Monk on Mar 11, 2020.
             Slain by an orc (2 damage)
             ... on level 3 of the Dungeon.
             The game lasted 00:01:26 (1676 turns).

kae the Insei (Demonspawn Monk)                     Turns: 1676, Time: 00:01:27

Health: 0/42       AC:  2    Str: 13    XL:     5   Next: 8%
Magic:  5/5        EV: 13    Int: 11    God:
Gold:   54         SH:  0    Dex: 12    Spells: 4/4 levels left

rFire    . . .     SeeInvis .     - Unarmed
rCold    . . .     Gourm    .   (no shield)
rNeg     . . .     Faith    .   a - +0 robe
rPois    .         Spirit   .   (no helmet)
rElec    .         Reflect  .   (no cloak)
rCorr    .         Harm     .   (no gloves)
MR       +....                  (no boots)
Stlth    ++........             (no amulet)
HPRegen  0.14/turn              k - ring of protection from magic
MPRegen  0.09/turn              h - -5 ring of dexterity (curse)

@: no status effects
A: talons 1, thin skeletal structure 1, powered by death 2
a: no special abilities


You were on level 3 of the Dungeon.
You were not hungry.

You visited 1 branch of the dungeon, and saw 3 of its levels.

You collected 54 gold pieces.

Inventory:

Armour
 a - a +0 robe (worn)
Jewellery
 d - an uncursed amulet of regeneration {unknown}
 f - an uncursed ring of stealth
 h - a cursed -5 ring of dexterity (right hand)
 k - a ring of protection from magic (left hand)
 m - an uncursed ring of fire
Scrolls
 e - 3 scrolls of identify
 l - a scroll of remove curse {unknown}
Potions
 c - 2 potions of haste
 i - a potion of mutation
 j - a potion of resistance {unknown}
Comestibles
 b - 5 rations
 n - a chunk of flesh


   Skills:
 + Level 4.1 Fighting
 - Level 2.6 Dodging
 - Level 1.7 Stealth
 * Level 4.6 Unarmed Combat


You had 4 spell levels left.
You didn't know any spells.
Your spell library was empty.

Dungeon Overview and Level Annotations

Branches:
Dungeon (3/15)

Altars:
Ashenzari
Gozag
Nemelex Xobeh


Innate Abilities, Weirdness & Mutations

You have sharp toenails.
You have a somewhat thin skeletal structure. (Dex +2, Stealth)
You regenerate health from kills.


Message History

* * * LOW HITPOINT WARNING * * *
You barely miss the orc priest.
The orc priest is heavily wounded.
The quokka barely misses you.
The orc priest begins to cast a cantrip, but forgets the words!
The orc hits you but does no damage. The orc misses you.
You hit the orc priest.
The orc priest is almost dead.
You hear the slow rusting of a very distant drain.
The quokka bites you.
* * * LOW HITPOINT WARNING * * *
The orc priest closely misses you. The orc closely misses you.
The orc hits you but does no damage.
You feel better. The quokka bites you.
* * * LOW HITPOINT WARNING * * *
The orc priest calls down the wrath of Beogh upon you.
Beogh smites you!
* * * LOW HITPOINT WARNING * * *
The orc closely misses you. The quokka misses you. The orc hits you.
You die...

.........# #...
........## ###.#######.?
........####.<.#.....#..
..........##.##.........
..†.......?.............
..........=.............
.####....<#.#...........
# ##...........o......
...........)@o......
##...#.####..or......
##..#.. #..........
#.#### ...#.....#..
....####### # ####$# #.


You could see an orc priest, 2 orcs and a quokka.

Vanquished Creatures
  A bullfrog (D:3)
  3 adders
  An ooze (D:2)
  4 dart slugs
  A leopard gecko (D:2)
  A ball python (D:2)
  2 giant cockroaches (D:1)
  5 goblins
  6 hobgoblins
  8 kobolds
  8 bats
  A frilled lizard (D:2)
  5 rats
46 creatures vanquished.

Notes
Turn   | Place    | Note
-------+----------+-------------------------------------------
     0 | D:1      | kae the Demonspawn Monk began the quest for the Orb.
     0 | D:1      | Reached XP level 1. HP: 18/18 MP: 1/1
   360 | D:1      | Gained mutation: You regenerate a little health from kills.
                  | [demonic ancestry]
   360 | D:1      | Reached XP level 2. HP: 20/24 MP: 2/2
   758 | D:2      | Found an opulent altar of Gozag.
   802 | D:2      | Gained mutation: You have sharp toenails. [demonic
                  | ancestry]
   802 | D:2      | Reached XP level 3. HP: 21/29 MP: 3/3
  1044 | D:2      | Found a shattered altar of Ashenzari.
  1479 | D:3      | Gained mutation: You have a somewhat thin skeletal
                  | structure. (Dex +2, Stealth) [demonic ancestry]
  1479 | D:3      | Reached XP level 4. HP: 32/37 MP: 4/4
  1562 | D:3      | Found a sparkling altar of Nemelex Xobeh.
  1605 | D:3      | Noticed a bullfrog
  1615 | D:3      | Killed a bullfrog
  1625 | D:3      | Gained mutation: You regenerate health from kills. [demonic
                  | ancestry]
  1625 | D:3      | Reached XP level 5. HP: 30/42 MP: 5/5
  1676 | D:3      | HP: 2/42 [orc priest/divine providence (7)]
  1676 | D:3      | Slain by an orc

Levels and vault maps discovered:
D:1:      dpeg_arrival_windows_large_door, layout_rooms
D:2:      layout_loops_ring, grunt_gozag_statues, first_ration,
          ashenzari_altar_1
D:3:      layout_rooms, nemelex_altar_shiori, cheibrodos_sewer_entry_bend,
          hangedman_decor_points, minmay_close_crescents

Skill      XL: |  1  2  3  4 |
---------------+-------------+-----
Unarmed Combat | 3 4 |  4.6
Fighting       | 4 |  4.1
Dodging        | |  2.6
Stealth        | |  1.7

Action                   |  1- 3 |  4- 6 || total
-------------------------+-------+-------++-------
Melee: Unarmed           |   148 |    42 ||   190
       Kick              |     7 |     8 ||    15
  Use: Scroll            |       |     6 ||     6
       Potion            |       |     1 ||     1
 Stab: Sleeping          |     4 |       ||     4
  Eat: Chunk             |     1 |     2 ||     3
Armor: Robe              |    25 |    13 ||    38
Dodge: Dodged            |   108 |    48 ||   156

Table legend:
 A = Non-vault XP
 B = Vault XP
 C = Vault XP percentage of total XP
 D = Non-vault monster count
 E = Vault monster count
 F = Vault count percentage of total count
                 A         B        C        D         E       F
            +---------+---------+-------+---------+---------+-------
      Total |     211 |       1 |   0.5 |      45 |       1 |   2.2
            +---------+---------+-------+---------+---------+-------
        D:1 |      30 |       0 |   0.0 |      13 |       0 |   0.0
        D:2 |      55 |       0 |   0.0 |      21 |       0 |   0.0
        D:3 |     126 |       1 |   0.8 |      11 |       1 |   8.3
            +---------+---------+-------+---------+---------+-------
